 Dungeon Crawl Stone Soup version 0.31.0-11-ge490571c62 (webtiles) character file.

Game seed: 17900249474762886646

174 thirtiethelement the Slasher (level 5, -1/42 HPs)
             Began as a Demonspawn Monk on Jan 29, 2024.
             Slain by an ice beast (13 damage)
             ... on level 4 of the Dungeon.
             The game lasted 00:06:36 (2616 turns).

thirtiethelement the Slasher (Demonspawn Monk)      Turns: 2616, Time: 00:06:36

Health: -1/42      AC:  3    Str: 11    XL:     5   Next: 28%
Magic:  5/5        EV: 15    Int: 11    God:
Gold:   240        SH:  5    Dex: 17    Spells: 4/5 levels left

rFire   . . .        a - +0 falchion
rCold   . . .        d - orb {light}
rNeg    . . .        c - +0 leather armour
rPois   +            (no helmet)
rElec   .            (no cloak)
rCorr   .            (no gloves)
SInv    .            (no boots)
Will    .....        r - amulet of reflection
Stlth   +            t - ring of poison resistance
HPRegen 0.27/turn    (no ring)
MPRegen 0.09/turn

%: reflection
@: glowing
A: hooves 1, repulsion field 1, demonic guardian 1
a: no special abilities


You were on level 4 of the Dungeon.
You visited 1 branch of the dungeon, and saw 4 of its levels.

You collected 240 gold pieces.

Inventory:

Hand Weapons
 a - a +0 falchion (weapon)
Missiles
 l - 4 poisoned darts
 s - 4 boomerangs
Armour
 b - a +0 robe
 c - a +0 leather armour (worn)
 d - an orb of light (worn)
Jewellery
 m - a ring of ice
 r - an amulet of reflection (around neck)
 t - a ring of poison resistance (left hand)
Scrolls
 e - 4 scrolls of identify {unknown}
 f - 3 scrolls of enchant weapon {unknown}
 g - a scroll of noise {unknown}
 p - 3 scrolls of blinking {unknown}
Potions
 h - a potion of lignification {unknown}
 i - 2 potions of invisibility {unknown}
 j - 2 potions of cancellation {unknown}
 k - a potion of brilliance {unknown}
 n - 2 potions of mutation {unknown}
 o - 2 potions of curing {unknown}
 q - a potion of might {unknown}


   Skills:
 + Level 3.8 Fighting
 + Level 4.1 Long Blades
 + Level 0.6 Armour
 + Level 3.4 Dodging
 + Level 0.2 Stealth
 + Level 0.6 Spellcasting
 + Level 0.3 Conjurations
 + Level 0.3 Alchemy


You had 4 spell levels left.
You knew the following spells:

 Your Spells              Type           Power      Damage    Failure   Level
a - Sting                 Conj/Alch      4%         1d3       36%         1

Your spell library contained the following spells:

 Spells                   Type           Power      Damage    Failure   Level
 Apportation              Tloc           0%         N/A       41%         1
 Necrotise                Necr           0%         1d4       41%         1
 Summon Small Mammal      Summ           0%         N/A       41%         1
 Jinxbite                 Hex            0%         N/A       56%         2
 Hailstorm                Conj/Ice       0%         3d5       77%         3
 Summon Ice Beast         Ice/Summ       0%         N/A       80%         3
 Alistair's Intoxication  Alch           0%         N/A       100%        5
 Sculpt Simulacrum        Ice/Alch       0%         N/A       100%        6


Dungeon Overview and Level Annotations

Branches:
Dungeon (4/15)
 Temple: D:4-7

Altars:
Hepliaklqana
Qazlal

Shops:
D:2 [


Innate Abilities, Weirdness & Mutations

You have large cloven feet.
You are surrounded by a mild repulsion field. (EV +2)
A weak demonic guardian rushes to your aid.


Message History

You see here a +0 hand axe.
The ice beast attacks as it pursues you!
The ice beast closely misses you.
The ice beast attacks as it pursues you!
The ice beast misses you.
The ice beast attacks as it pursues you!
The ice beast closely misses you.
You see here a +0 arbalest.
The ice beast attacks as it pursues you!
The ice beast hits you but does no damage.
The ice beast attacks as it pursues you!
The ice beast barely misses you.
The ice beast attacks as it pursues you!
The ice beast hits you but does no damage.
The ice beast attacks as it pursues you!
The ice beast hits you. The ice beast freezes you!
* * * LOW HITPOINT WARNING * * *
A demonic guardian appears!
The ice beast looks more healthy.
Your shadow imp gestures at the ice beast.
The ice beast struggles to resist.
The ice beast attacks as it pursues you!
The ice beast barely misses you.
The ice beast attacks as it pursues you!
The ice beast hits you but does no damage.
The ice beast attacks as it pursues you!
The ice beast misses you.
The ice beast attacks as it pursues you!
The ice beast barely misses you.
The ice beast attacks as it pursues you!
The ice beast closely misses you.
The ice beast attacks as it pursues you!
The ice beast closely misses you.
Found 15 gold pieces.
There is a stone staircase leading down here.
The ice beast attacks as it pursues you!
The ice beast hits you.
* * * LOW HITPOINT WARNING * * *
The ice beast freezes you!
You die...

# ### ### ###.#
..## ..##$.. ..#
#.#..##.# #.#
#.......# #.##
#@##.# #<.#
#Y.#[# ##.##
#..#.#
#..####5.#.#
##.......#.##
#.†....#....###
#......#.##...###
#........####...#
#......### ###.#


You could see an ice beast (ally target) and a friendly shadow imp (summoned).

Vanquished Creatures
  An orc priest (D:3)
  2 gnolls (D:3)
  2 adders
  A ribbon worm (D:3)
  A dart slug (D:2)
  13 orcs (D:3)
  8 bats
  6 endoplasms
  3 giant cockroaches (D:3)
  4 goblins
  3 hobgoblins
  5 kobolds
  3 quokkas
  7 ball pythons
  3 frilled lizards
  8 rats
70 creatures vanquished.

Vanquished Creatures (collateral kills)
  2 gnolls (D:3)
2 creatures vanquished.

Grand Total: 72 creatures vanquished

Notes
Turn   | Place    | Note
-------+----------+-------------------------------------------
     0 | D:1      | thirtiethelement the Demonspawn Monk began the quest for
                  | the Orb.
     0 | D:1      | Reached XP level 1. HP: 18/18 MP: 1/1
   278 | D:1      | Gained mutation: You are surrounded by a mild repulsion
                  | field. (EV +2) [demonic ancestry]
   278 | D:1      | Reached XP level 2. HP: 20/24 MP: 2/2
   416 | D:1      | Reached skill level 3 in Long Blades
   741 | D:2      | Gained mutation: A weak demonic guardian rushes to your
                  | aid. [demonic ancestry]
   741 | D:2      | Reached XP level 3. HP: 25/29 MP: 3/3
   775 | D:2      | Found Pupuogos's Armour Emporium.
   966 | D:3      | Found a hazy altar of Hepliaklqana.
  1079 | D:3      | Found a stormy altar of Qazlal.
  1079 | D:3      | Noticed a water elemental
  1080 | D:3      | Noticed an air elemental
  1080 | D:3      | Noticed a fire elemental
  1080 | D:3      | Noticed an earth elemental
  1111 | D:3      | Learned a level 1 spell: Sting
  1143 | D:3      | HP: 1/29 [gnoll/+0 whip (3)]
  1149 | D:3      | Gained mutation: You have large cloven feet. [demonic
                  | ancestry]
  1149 | D:3      | Reached XP level 4. HP: 22/35 MP: 4/4
  1272 | D:3      | Reached skill level 4 in Long Blades
  1655 | D:3      | Reached XP level 5. HP: 39/42 MP: 3/5
  2569 | D:4      | Noticed an ice beast
  2616 | D:4      | Slain by an ice beast

Illustrated notes

Levels and vault maps discovered:
D:1:      lemuel_arrival_rhombus, layout_rooms
D:2:      layout_rooms, serial_shops, shop
D:3:      minmay_bubble_buster, layout_loops_ring,
          mainiacjoe_overflow_six_doors_small, jmf_multi_god_temple2,
          nicolae_qazlal_style_of_elements, wad_floor_pattern_untrapped,
          kennysheep_minor_cross
D:4:      layout_rooms, serial_curves, eino_curves_01, eino_curves_01,
          eino_curves_04, eino_curves_01

Skill      XL: |  1  2  3  4 |
---------------+-------------+-----
Long Blades    | 3 4 |  4.1
Dodging        | 3 |  3.4
Fighting       | |  3.8
Armour         | |  0.6
Stealth        | |  0.2
Spellcasting   | |  0.6
Conjurations   | |  0.3
Alchemy        | |  0.3

Action                     |  1- 3 |  4- 6 || total
---------------------------+-------+-------++-------
  Melee: Falchion          |    89 |    58 ||   147
         Kick              |       |    19 ||    19
   Cast: Sting             |     4 |    41 ||    45
    Use: Potion            |     1 |       ||     1
 Armour: Robe              |    49 |     1 ||    50
         Leather armour    |       |    29 ||    29
  Dodge: Dodged            |    85 |    54 ||   139
